 Dungeon Crawl Stone Soup version 0.24.0-123-gd5b16e6ec5 (webtiles) character file.

Game seed: 9057688806065927327, levelgen mode: deterministic

505 Curus the Spear-Bearer (level 7, -2/50 HPs)
             Began as a Merfolk Gladiator on Dec 27, 2019.
             Was a Follower of Okawaru.
             Slain by a hound (6 damage)
             ... on level 4 of the Dungeon.
             The game lasted 00:18:41 (2832 turns).

Curus the Spear-Bearer (Merfolk Gladiator)          Turns: 2832, Time: 00:18:42

Health: -2/50      AC:  6    Str: 15    XL:     7   Next: 18%
Magic:  7/7        EV: 14    Int:  7    God:    Okawaru [*.....]
Gold:   138        SH:  0    Dex: 17    Spells: 6/6 levels left

rFire    . . .     SeeInvis .   a - +2 trident
rCold    . . .     Gourm    .   (no shield)
rNeg     . . .     Faith    .   b - +1 leather armour
rPois    .         Spirit   .   c - +1 helmet
rElec    .         Reflect  .   (no cloak)
rCorr    .         Harm     .   (no gloves)
MR       .....                  (no boots)
Stlth    +.........             (no amulet)
HPRegen  0.16/turn              (no ring)
MPRegen  0.10/turn              (no ring)

@: lethally poisoned (-2 -> -3)
A: change form in water, swift swim, stealthy swim
a: Heroism, Renounce Religion


You were on level 4 of the Dungeon.
You worshipped Okawaru.
Okawaru was aware of your devotion.
You were not hungry.

You visited 1 branch of the dungeon, and saw 4 of its levels.

You collected 138 gold pieces.

Inventory:

Hand Weapons
 a - a +2 trident (weapon)
Missiles
 d - 4 throwing nets (quivered)
Armour
 b - a +1 leather armour (worn)
 c - a +1 helmet (worn)
Scrolls
 g - 3 scrolls of identify
 h - a scroll of amnesia
 k - a scroll of blinking
Potions
 e - 3 potions of mutation
 i - a potion of haste
 j - a potion of invisibility
Comestibles
 f - 3 rations


   Skills:
 - Level 2.1 Fighting
 + Level 11.2 Polearms
 - Level 2.0 Throwing
 - Level 4.0 Dodging


You had 6 spell levels left.
You didn't know any spells.
Your spell library was empty.

Dungeon Overview and Level Annotations

Branches:
Dungeon (4/15)
 Temple: D:4-7

Altars:
Okawaru
Xom

Annotations:
D:3 ANON1729's ghost, amateur DsGl


Message History

You miss the hound. The hound bites you but does no damage.
You hit the hound.
The hound is lightly wounded.
The hound closely misses you. The hound misses you.
You hit the hound.
The hound is moderately wounded.
The hound bites you.
* * * LOW HITPOINT WARNING * * *
You hit the hound.
The hound is heavily wounded.
You feel sick. The hound bites you.
* * * LOW HITPOINT WARNING * * *
You hit the hound.
The hound is severely wounded.
The hound bites you.
* * * LOW HITPOINT WARNING * * *
You hit the hound.
The hound is almost dead.
The hound bites you.
You die...

....######.
#...#..#... .
#......... ..
##..........
...#.......##.)
...............
.......h......##
#)@).......
#..........
#........# #
#......###..
#..#........
#....#.....##
#....##...####
......##....##.##..
#..##.#............


You could see a hound.

Vanquished Creatures
  2 ogres (D:3)
  A crimson imp (D:3)
  A jelly (D:2)
  An orc wizard (D:4)
  3 worker ants
  A howler monkey skeleton (D:4)
  5 adders
  An ooze (D:3)
  3 worms (D:2)
  3 dart slugs
  2 leopard geckos (D:2)
  13 orcs
  2 ball pythons
  5 bats
  5 giant cockroaches
  5 goblins
  11 hobgoblins
  An iguana (D:2)
  3 jackals (D:4)
  9 kobolds
  A quokka (D:3)
  8 frilled lizards
  8 rats
94 creatures vanquished.

Notes
Turn   | Place    | Note
-------+----------+-------------------------------------------
     0 | D:1      | Curus the Merfolk Gladiator began the quest for the Orb.
     0 | D:1      | Reached XP level 1. HP: 16/16 MP: 1/1
   104 | D:1      | Reached skill level 5 in Polearms
   151 | D:1      | Reached XP level 2. HP: 22/22 MP: 2/2
   509 | D:1      | Reached skill level 6 in Polearms
   509 | D:1      | Reached XP level 3. HP: 27/27 MP: 3/3
   679 | D:2      | Reached skill level 7 in Polearms
   679 | D:2      | Reached XP level 4. HP: 23/33 MP: 4/4
  1107 | D:2      | Found an iron altar of Okawaru.
  1133 | D:2      | Became a worshipper of Warmaster Okawaru
  1143 | D:2      | Found a shimmering altar of Xom.
  1169 | D:2      | Reached skill level 8 in Polearms
  1169 | D:2      | Reached XP level 5. HP: 34/38 MP: 5/5
  2140 | D:3      | Reached skill level 9 in Polearms
  2169 | D:3      | Reached XP level 6. HP: 32/44 MP: 6/6
  2355 | D:3      | Found a transporter.
  2355 | D:3      | Noticed ANON1729's ghost (amateur DsGl)
  2356 | D:3      | Found a transporter.
  2375 | D:3      | Reached skill level 10 in Polearms
  2669 | D:4      | Reached XP level 7. HP: 29/50 MP: 7/7
  2708 | D:4      | Reached * piety under Okawaru
  2708 | D:4      | Reached skill level 11 in Polearms
  2832 | D:4      | Slain by a hound

Levels and vault maps discovered:
D:1:      roderic_crossed_star, layout_loops_cross
D:2:      layout_basic, okawaru_gym_becter, first_ration, dk_xom_monty_hall
D:3:      cheibrodos_old_hovel, layout_basic, gammafunk_ghost_smash
D:4:      layout_cave_pools, grunt_temple_overflow_growth_and_decay,
          lemuel_altar_in_water

Skill      XL: |  1  2  3  4  5  6  7 |
---------------+----------------------+-----
Polearms       | 5 6 7 8 9 10 11 | 11.2
Fighting       | |  2.1
Throwing       | |  2.0
Dodging        | |  4.0

Action                   |  1- 3 |  4- 6 |  7- 9 || total
-------------------------+-------+-------+-------++-------
Melee: Trident           |    91 |   172 |    45 ||   308
Throw: Throwing net      |       |     1 |       ||     1
  Use: Scroll            |     6 |     4 |       ||    10
       Potion            |     3 |     1 |       ||     4
 Stab: Sleeping          |     3 |     4 |       ||     7
       Distracted        |       |     1 |       ||     1
       Held in net/web   |       |     1 |       ||     1
  Eat: Chunk             |       |     6 |       ||     6
Armor: Leather armour    |    18 |    26 |     9 ||    53
Dodge: Dodged            |    52 |    73 |    24 ||   149
